 Dungeon Crawl Stone Soup version 0.29.1-13-g9f3cf754e1 (webtiles) character file.

Game seed: 6781825946713262216

108 Exodus22XD the Trooper (level 4, -6/41 HPs)
             Began as a Minotaur Fighter on Feb 5, 2023.
             Killed by divine providence
             ... invoked by an orc priest
              (12 damage)
             ... on level 3 of the Dungeon.
             The game lasted 00:01:32 (1404 turns).

Exodus22XD the Trooper (Minotaur Fighter)           Turns: 1404, Time: 00:01:33

Health: -6/41      AC: 10    Str: 22    XL:     4   Next: 58%
Magic:  3/3        EV:  7    Int:  5    God:
Gold:   62         SH:  9    Dex: 10    Spells: 3/3 levels left

rFire   . . .      SeeInvis .   a - +0 war axe
rCold   . . .      Faith    .   c - +0 buckler
rNeg    . . .      Spirit   .   o - +0 chain mail
rPois   .          Reflect  +   (helmet restricted)
rElec   .          Harm     .   (no cloak)
rCorr   .          Rampage  .   q - +0 pair of gloves
Will    .....                   (no boots)
Stlth   ..........              e - amulet of reflection
HPRegen 0.13/turn               (no ring)
MPRegen 0.08/turn               (no ring)

@: no status effects
A: horns 2, retaliatory headbutt
a: no special abilities


You were on level 3 of the Dungeon.
You visited 1 branch of the dungeon, and saw 3 of its levels.

You collected 62 gold pieces.

Inventory:

Hand Weapons
 a - a +0 war axe (weapon)
Armour
 c - a +0 buckler (worn)
 o - a +0 chain mail (worn)
 q - a +0 pair of gloves (worn)
Jewellery
 e - an amulet of reflection (around neck)
Scrolls
 b - a scroll of enchant weapon {unknown}
 f - 2 scrolls of blinking {unknown}
 g - a scroll of noise {unknown}
 j - 2 scrolls of enchant armour {unknown}
 k - a scroll of identify {unknown}
 l - a scroll of poison {unknown}
 n - a scroll of acquirement {unknown}
Potions
 d - a potion of might
 h - a potion of heal wounds {unknown}
 i - 2 potions of ambrosia {unknown}
 m - a potion of magic {unknown}
 p - a potion of brilliance {unknown}


   Skills:
 + Level 4.5 Fighting
 + Level 4.0 Axes
 + Level 4.3 Armour
 + Level 4.3 Shields


You had 3 spell levels left.
You didn't know any spells.
Your spell library was empty.

Dungeon Overview and Level Annotations

Branches:
Dungeon (3/15)

Altars:


Innate Abilities, Weirdness & Mutations

You have a pair of horns on your head.
You reflexively headbutt those who attack you in melee.


Message History

You hit the giant cockroach. You barely miss the orc.
You block the giant cockroach's attack. The giant cockroach barely misses you.
You furiously retaliate!
You headbutt the giant cockroach.
You kill the giant cockroach!
You have reached level 4!
You feel agile.
You closely miss the orc priest. You hit the orc.
You kill the orc!
The orc priest hits you with a +0 flail!
* * * LOW HITPOINT WARNING * * *
You hit the orc priest.
The orc priest is moderately wounded.
You hit the orc but do no damage. The orc hits you but does no damage.
The orc priest hits you but does no damage. x2
You slash the orc priest!
You kill the orc priest!
You hit the orc.
Your Axes skill increases to level 4!
You slash the orc!
You kill the orc!
You slash the orc!
You kill the orc!
You see here a ball python corpse.
You hit the orc priest.
The orc priest is lightly wounded.
The orc priest hits you but does no damage.
You block the orc priest's attack.
You hit the orc priest.
The orc priest is moderately wounded.
The orc priest closely misses you. You furiously retaliate!
You headbutt the orc priest, but do no damage.
You hit the orc priest.
The orc priest is heavily wounded.
You block the orc priest's attack.
You barely miss the orc priest.
The orc priest is heavily wounded.
The orc priest barely misses you.
The orc priest invokes the aid of Beogh against you.
Beogh smites you!
You die...

.# .. .. .... ...
#. ........ #...
.. .#......
##..##. ........
.......#.#......
###...#.........
......†)).......
#).#.......
#######..@o......
#......#.#.......
#.####.#.#.......
#.#.##......
#.#.. ......
#.#.. ..##..
#.#.## .# # #.#..
.# #.#


You could see an orc priest.

Vanquished Creatures
  An orc priest (D:3)
  2 adders (D:3)
  An ufetubus (D:3)
  3 dart slugs
  3 orcs (D:3)
  3 endoplasms
  4 giant cockroaches
  3 goblins
  5 hobgoblins
  6 kobolds
  A quokka (D:1)
  5 ball pythons
  2 bats
  3 frilled lizards
  2 rats (D:1)
44 creatures vanquished.

Notes
Turn   | Place    | Note
-------+----------+-------------------------------------------
     0 | D:1      | Exodus22XD the Minotaur Fighter began the quest for the
                  | Orb.
     0 | D:1      | Reached XP level 1. HP: 19/19 MP: 0/0
    72 | D:1      | Reached XP level 2. HP: 27/27 MP: 1/1
   388 | D:1      | Found a faded altar of an unknown god.
   433 | D:1      | You fall into a shaft and drop 1 floor!
   945 | D:2      | Reached XP level 3. HP: 33/33 MP: 2/2
  1396 | D:3      | Reached XP level 4. HP: 12/41 MP: 3/3
  1404 | D:3      | Killed from afar by an orc priest

Illustrated notes

Levels and vault maps discovered:
D:1:      minmay_arrival_pointy, layout_rooms,
          shapermc_ecumenical_altar_mp_vishouse
D:2:      layout_basic
D:3:      layout_basic, hangedman_decor_points

Skill      XL: |  1  2  3  4 |
---------------+-------------+-----
Fighting       | 4 |  4.5
Shields        | 4 |  4.3
Armour         | 4 |  4.3
Axes           | 3 4 |  4.0

Action                   |  1- 3 |  4- 6 || total
-------------------------+-------+-------++-------
Melee: War axe           |    77 |     8 ||    85
       Headbutt          |     7 |       ||     7
Armor: Scale mail        |    21 |       ||    21
       Chain mail        |    24 |     4 ||    28
Dodge: Dodged            |    30 |     2 ||    32
Block: Buckler           |    47 |     2 ||    49
       Reflection        |     7 |       ||     7
